 Dungeon Crawl Stone Soup version 0.31-a0-614-gc85dc1c48c (webtiles) character file.

Game seed: 16948379178736687604

11 Ijustatesigmund the Stinger (level 2, -2/18 HPs)
             Began as an Octopode Venom Mage on Aug 22, 2023.
             Slain by a jackal (3 damage)
             ... on level 1 of the Dungeon.
             The game lasted 00:00:41 (272 turns).

Ijustatesigmund the Stinger (Octopode Venom Mage)    Turns: 272, Time: 00:00:41

Health: -2/18      AC:  1    Str:  7    XL:     2   Next: 25%
Magic:  2/5        EV: 13    Int: 17    God:
Gold:   25         SH:  0    Dex: 12    Spells: 2/5 levels left

rFire   . . .        (no weapon)
rCold   . . .        (no shield)
rNeg    . . .        (helmet restricted)
rPois   .            (no amulet)
rElec   .            (no ring)
rCorr   .            (no ring)
SInv    .            (no ring)
Will    .....        (no ring)
Stlth   +++          (no ring)
HPRegen 0.23/turn    (no ring)
MPRegen 0.09/turn    (no ring)
                     (no ring)

%: no passive effects
@: no status effects
A: almost no armour, amphibious, 8 rings, camouflage 1, gelatinous body 1,
(nimble swimmer 1), tentacles
a: no special abilities


You were on level 1 of the Dungeon.
You visited 1 branch of the dungeon, and saw 1 of its levels.

You collected 25 gold pieces.

Inventory:

Scrolls
 b - a scroll of identify {unknown}
Potions
 a - a potion of magic


   Skills:
 + Level 0.9 Fighting
 - Level 2.0 Dodging
 - Level 2.6 Stealth
 + Level 2.2 Spellcasting
 - Level 1.0 Transmutations
 + Level 3.9 Poison Magic


You had 2 spell levels left.
You knew the following spells:

 Your Spells              Type           Power      Damage    Failure   Level
a - Sting                 Tmut/Pois      40%        1d5       7%          1
b - Poisonous Vapours     Pois/Air       16%        N/A       13%         2

Your spell library contained the following spells:

 Spells                   Type           Power      Damage    Failure   Level
 Shock                    Conj/Air       4%         1d3       19%         1
 Mephitic Cloud           Conj/Pois/Air  6%         N/A       32%         3
 Olgreb's Toxic Radiance  Pois           15%        N/A       36%         4
 Swiftness                Air            1%         N/A       50%         3
 Airstrike                Air            0%         2d(1-17)  88%         4
 Freezing Cloud           Conj/Ice/Air   0%         6-21      99%         5


Dungeon Overview and Level Annotations

Branches:
Dungeon (1/15)

Altars:

Shops:
D:1 ?


Innate Abilities, Weirdness & Mutations

You cannot wear most types of armour.
You are amphibious.
You can wear up to eight rings at the same time.
Your skin changes colour to match your surroundings (Stealth+).
Your rubbery body absorbs attacks. (AC +1, EV +1)
((You are camouflaged when in or above water. (Stealth+)))
You have tentacles for arms and can constrict up to eight enemies at once.


Message History

You tentacle-slap the hobgoblin but do no damage.
You squeeze the hobgoblin, but do no damage.
The hobgoblin is moderately wounded.
You constrict the hobgoblin. You constrict the jackal. The jackal bites you.
The hobgoblin hits you.
You are too injured to fight recklessly!
You are too injured to fight recklessly!
You are too injured to fight recklessly!
You are too injured to fight recklessly!
You are too injured to fight recklessly!
You are too injured to fight recklessly!
Unknown command.
Casting: Sting (safe; 7% risk of failure)
Confirm with . or Enter, or press ? or * to list all spells.
Aiming: Sting (safe; 7% risk of failure)
Press: ? - help, Shift-Dir - straight line, f - hobgoblin
Aim: a hobgoblin (moderately wounded, constricted by you, 100% to hit)
The sting hits the hobgoblin.
The hobgoblin is poisoned.
The hobgoblin is heavily wounded.
You constrict the hobgoblin. You constrict the jackal.
You kill the hobgoblin!
The jackal bites you.
* * * LOW HITPOINT WARNING * * *
The jackal bites you.
* * * LOW HITPOINT WARNING * * *
The jackal barely misses you.
Casting: Sting (safe; 7% risk of failure)
Confirm with . or Enter, or press ? or * to list all spells.
Aiming: Sting (safe; 7% risk of failure)
Press: ? - help, Shift-Dir - straight line, f - jackal
Aim: a jackal (64% to hit)
The sting hits the jackal.
The jackal is poisoned.
The jackal is moderately wounded.
You constrict the jackal. The jackal completely misses you.
The jackal bites you.
* * * LOW HITPOINT WARNING * * *
You barely miss the jackal. You grab the jackal.
The jackal is moderately wounded.
You constrict the jackal. x2; The jackal bites you.
You die...

..##..................##
####...).†.............
####............†..#.##
..##..................#
#.##..................#
#.##...............##...
#.###..............# #.
#..###.....#.....#.....$
##...##########.@#..##..
####.######## ##hh.##
.........#..# #....#
..........#.# ..#).#
...#.#.....## .##..#
...#.#......# #. ..#
...#.#......# .. ..
.#.#.#.#....# ## ##.
##.#.#.##...# #.


You could see 2 jackals.

Vanquished Creatures
  An endoplasm (D:1)
  A giant cockroach (D:1)
  2 goblins (D:1)
  2 hobgoblins (D:1)
  A ball python (D:1)
  A bat (D:1)
  A frilled lizard (D:1)
  A rat (D:1)
10 creatures vanquished.

Notes
Turn   | Place    | Note
-------+----------+-------------------------------------------
     0 | D:1      | Ijustatesigmund the Octopode Venom Mage began the quest for
                  | the Orb.
     0 | D:1      | Reached XP level 1. HP: 11/11 MP: 3/3
    78 | D:1      | Found Lopefy's Magic Scroll Shoppe.
   194 | D:1      | Reached XP level 2. HP: 18/18 MP: 0/5
   197 | D:1      | Learned a level 2 spell: Poisonous Vapours
   272 | D:1      | Slain by a jackal

Illustrated notes

Levels and vault maps discovered:
D:1:      matt_arrival_grand_opening, layout_rooms, serial_shops, shop

Action                     || total
---------------------------++-------
  Melee: Unarmed           ||    16
         Tentacles         ||     7
         Constrict         ||     6
         Punch             ||     1
   Cast: Sting             ||    11
   Stab: Sleeping          ||     1
 Armour: Skin              ||     3
  Dodge: Dodged            ||    12

Table legend: (Time is in decaauts)
 A = Elapsed time spent in this place.
 B = Non-inter-level travel time spent in this place.
 C = Inter-level travel time spent in this place.
 D = Time resting spent in this place.
 E = Time spent auto-exploring this place.
 F = Levels seen in this place.
 G = Mean time per level.
                   A        B        C        D        E       F      G
               +--------+--------+--------+--------+--------+-----+--------+
         Total |    272 |    272 |      0 |      0 |    212 |   1 |  272.0 |
       Dungeon |    272 |    272 |      0 |      0 |    212 |   1 |  272.0 |
               +--------+--------+--------+--------+--------+-----+--------+

Top non-repeatable levels by time:
     D:1: 272 daAuts
